 Dungeon Crawl Stone Soup version 0.25.0-26-g0c896c7088 (webtiles) character file.

Game seed: 14464528763017826519

523 lepoulpe303 the Digger (level 7, 0/39 HPs)
             Began as a Gargoyle Earth Elementalist on July 3, 2020.
             Slain by a centaur skeleton (4 damage)
             ... on level 4 of the Dungeon.
             The game lasted 00:10:01 (3627 turns).

lepoulpe303 the Digger (GrEE)                       Turns: 3627, Time: 00:10:01

Health: 0/39       AC:  7    Str: 11    XL:     7   Next: 22%
Magic:  12/12      EV: 12    Int: 18    God:
Gold:   94         SH:  0    Dex: 10    Spells: 3/13 levels left

rFire    . . .     SeeInvis .   l - +0 whip
rCold    . . .     Gourm    .   (no shield)
rNeg     + . .     Faith    .   c - +0 robe
rPois    ∞         Spirit   .   (no helmet)
rElec    +         Reflect  .   (no cloak)
rCorr    .         Harm     .   r - +0 pair of gloves (curse)
MR       .....                  (no boots)
Stlth    ++........             (no amulet)
HPRegen  0.13/turn              (no ring)
MPRegen  0.13/turn              (no ring)

@: no status effects
A: negative energy resistance 1, electricity resistance, unbreathing,
petrification resistance, rot immunity, AC +4
a: no special abilities


You were on level 4 of the Dungeon.
You were not hungry.

You visited 1 branch of the dungeon, and saw 4 of its levels.

You collected 94 gold pieces.

Inventory:

Hand Weapons
 g - a +0 short sword
 l - a +0 whip (weapon)
Missiles
 Q - 67 stones (quivered)
Armour
 c - a +0 robe (worn)
 o - a +0 pair of gloves
 r - a cursed +0 pair of gloves (worn)
Wands
 u - a wand of paralysis (11)
Scrolls
 b - 3 scrolls of identify {unknown}
 j - a scroll of immolation {unknown}
 k - 2 scrolls of remove curse {unknown}
 m - 2 scrolls of enchant armour {unknown}
 t - a scroll of amnesia {unknown}
Potions
 a - a potion of resistance {unknown}
 d - 3 potions of mutation {unknown}
 f - a potion of ambrosia {unknown}
 i - 2 potions of heal wounds {unknown}
 n - a potion of invisibility {unknown}
 p - a potion of might {unknown}
 q - a potion of brilliance {unknown}
 s - 2 potions of curing {unknown}
Comestibles
 e - 9 rations
 h - 6 chunks of flesh


   Skills:
 + Level 1.7 Fighting
 + Level 1.7 Maces & Flails
 + Level 2.5 Dodging
 + Level 3.7 Stealth
 * Level 3.9 Spellcasting
 + Level 1.9 Transmutations
 * Level 5.7 Earth Magic


You had 3 spell levels left.
You knew the following spells:

 Your Spells              Type           Power        Failure   Level  Hunger
a - Sandblast             Erth           ###...       1%          1    None
c - Petrify               Tmut/Erth      ###.....     30%         4    ####...
w - Passwall              Tmut/Erth      ###.....     4%          2    ##.....
x - Stone Arrow           Conj/Erth      ##....       14%         3    ###....

Your spell library contained the following spells:

 Spells                   Type           Power        Failure   Level  Hunger
 Lee's Rapid Deconstruct  Erth           ###.......   36%         5    ######.


Dungeon Overview and Level Annotations

Branches:
Dungeon (4/15)
 Temple: D:4-7

Altars:
Ashenzari
Hepliaklqana

Annotations:
D:3 1 runed translucent door, SamuraiZach's ghost, amateur TrBe


Innate Abilities, Weirdness & Mutations

You are resistant to torment.
Your stone body is resilient. (AC +4)
You are immune to poison.
You resist negative energy. (rN+)
You are resistant to electric shocks. (rElec)
You can survive without breathing.
You are immune to petrification.
You are immune to rotting.


Message History

Q - 67 stones The orc priest calls down the wrath of Beogh upon you.
Beogh smites you!
* * * LOW HITPOINT WARNING * * *
You take 13 damage, and have 13/39 hp.
MASSIVE DAMAGE!!
You now have 11/12 mp.
The centaur skeleton hits you.
* * * LOW HITPOINT WARNING * * *
You take 1 damage, and have 12/39 hp.
You see here a leopard gecko skeleton.
The centaur skeleton hits you but does no damage.
MP restored: 12 The orc priest mumbles some strange prayers to Beogh against you.
Beogh smites you!
* * * LOW HITPOINT WARNING * * *
You take 9 damage, and have 4/39 hp.
MASSIVE DAMAGE!!
The centaur skeleton hits you.
You die...

#......###.##..#.#
#####......##....#
######......♣##
##.......#
#.♣.<...# #
..oo... #.......#
# ..c...$
##....♣## #
....... #....# #
.o.o... ##..@## #
.!..... #..Z## #
....... ##..#
###....# ##.#
o.....# #o#
##.#.## ##o#####
### ##.# #
#....o.# .. .).#
#..###.# .# ##.#
#..###.##.####


You could see an orc priest, an orc wizard and a centaur skeleton.

Levels and vault maps discovered:
D:1:      minmay_arrival_doors, layout_rooms, corexii_item_surrounded_by_moat
D:2:      layout_basic, first_ration
D:3:      layout_basic, lemuel_round_altar, ashenzari_altar_1,
          gammafunk_ghost_grave, uniq_grinder
D:4:      layout_loops_cross, gammafunk_temple_overflow_arena,
          minmay_temple_entry_offerings, gammafunk_ghost_mausoleum,
          minmay_gold_behind_fungi, grunt_ministairs_1, minmay_hedge_maze,
          kennysheep_small_spiral

Notes
Turn   | Place    | Note
-------+----------+-------------------------------------------
     0 | D:1      | lepoulpe303 the Gargoyle Earth Elementalist began the quest
                  | for the Orb.
     0 | D:1      | Reached XP level 1. HP: 10/10 MP: 3/3
    35 | D:1      | Identified a +0 club
    35 | D:1      | Identified a +0 short sword
   412 | D:1      | Reached XP level 2. HP: 11/15 MP: 5/5
   416 | D:1      | Learned a level 2 spell: Passwall
   550 | D:1      | HP: 3/15 [bat (1)]
   922 | D:1      | Reached skill level 4 in Earth Magic
  1072 | D:1      | Reached skill level 1 in Transmutations
  1072 | D:1      | Identified a +0 club
  1079 | D:1      | Reached XP level 3. HP: 19/19 MP: 6/6
  1084 | D:1      | Learned a level 3 spell: Stone Arrow
  1254 | D:1      | Identified a +0 whip
  1337 | D:2      | Identified a +0 dagger
  1436 | D:2      | Identified a +0 pair of gloves (You found it on level 2 of
                  | the Dungeon)
  1443 | D:2      | Identified a cursed -2 club
  1500 | D:2      | Identified a +0 club
  1501 | D:2      | Reached XP level 4. HP: 24/24 MP: 6/8
  1504 | D:2      | Identified a +0 club
  1566 | D:2      | Reached skill level 2 in Dodging
  1624 | D:2      | Identified a +0 short sword
  1962 | D:3      | Found a shattered altar of Ashenzari.
  1976 | D:3      | Identified a cursed +0 pair of gloves (You found it on
                  | level 3 of the Dungeon)
  2059 | D:3      | Reached skill level 3 in Stealth
  2059 | D:3      | Reached skill level 3 in Spellcasting
  2059 | D:3      | Reached XP level 5. HP: 12/28 MP: 1/9
  2248 | D:3      | Learned a level 4 spell: Petrify
  2352 | D:3      | Found a runed translucent door.
  2354 | D:3      | Noticed SamuraiZach's ghost (amateur TrBe)
  2373 | D:3      | Found a hazy altar of Hepliaklqana.
  2612 | D:3      | Identified a +0 mace
  2614 | D:3      | Noticed Grinder
  2635 | D:3      | Killed Grinder
  2635 | D:3      | Reached skill level 1 in Fighting
  2635 | D:3      | Reached skill level 1 in Maces & Flails
  2635 | D:3      | Reached skill level 5 in Earth Magic
  2635 | D:3      | Reached XP level 6. HP: 34/34 MP: 4/11
  2995 | D:3      | Identified a +0 club
  3258 | D:4      | Reached XP level 7. HP: 14/38 MP: 8/12
  3431 | D:4      | Identified a +0 dagger
  3431 | D:4      | Identified a +0 robe
  3453 | D:4      | Identified a +0 dagger
  3453 | D:4      | Identified a +0 leather armour
  3453 | D:4      | Identified a +0 shortbow
  3453 | D:4      | Identified a +0 mace
  3612 | D:4      | Identified a +0 falchion
  3614 | D:4      | Identified a +0 dagger
  3614 | D:4      | Identified a +0 robe
  3625 | D:4      | HP: 4/39 [orc priest/divine providence (9)]
  3627 | D:4      | Slain by a centaur skeleton

Table legend:
 A = Turns spent in this place as a percentage of turns spent in the entire game.
 B = Non-inter-level travel turns spent in this place as a percentage of non-inter-level travel turns spent in the entire game.
 C = Inter-level travel turns spent in this place as a percentage of turns spent in this place.
 D = Turns resting spent in this place as a percentage of non-inter-level travel turns spent in this place.
 E = Turns spent auto-exploring this place as a percentage of non-inter-level travel turns spent in this place.
 F = Non-inter-level travel turns spent in this place divided by the number of levels of this place that you've seen.
                   A       B       C       D       E      F
               +-------+-------+-------+-------+-------+----------------------
         Total | 100.0 | 100.0 |   1.9 |  33.5 |  38.7 | 889.2
       Dungeon | 100.0 | 100.0 |   1.9 |  33.5 |  38.7 | 889.2
               +-------+-------+-------+-------+-------+----------------------

Table legend:
 A = Kills in this place as a percentage of kills in entire the game.
 B = Kills by you in this place as a percentage of kills by you in the entire game.
 C = Kills by friends in this place as a percentage of kills by friends in the entire game.
 D = Other kills in this place as a percentage of other kills in the entire game.
 E = Experience gained in this place as a percentage of experience gained in the entire game.
 F = Experience gained in this place divided by the number of levels of this place that you have seen.
                   A       B       C       D       E      F
               +-------+-------+-------+-------+-------+----------------------
         Total | 100.0 | 100.0 |   N/A |   N/A | 100.0 | 187.0
       Dungeon | 100.0 | 100.0 |   N/A |   N/A | 100.0 | 187.0
               +-------+-------+-------+-------+-------+----------------------

Skill      XL: |  1  2  3  4  5 |
---------------+----------------+-----
Earth Magic    | 4 5 |  5.7
Transmutations | 1 |  1.9
Dodging        | 2 |  2.5
Stealth        | 3 |  3.7
Spellcasting   | 3 |  3.9
Fighting       | 1 |  1.7
Maces & Flails | 1 |  1.7

Action                   |  1- 3 |  4- 6 |  7- 9 || total
-------------------------+-------+-------+-------++-------
Melee: Unarmed           |   103 |       |       ||   103
       Short sword       |    22 |       |       ||    22
       Whip              |    53 |   172 |    20 ||   245
 Cast: Sandblast         |     6 |    29 |    11 ||    46
 Stab: Sleeping          |     4 |     3 |       ||     7
  Eat: Chunk             |     2 |     6 |     1 ||     9
Armor: Robe              |    70 |    68 |     7 ||   145
Dodge: Dodged            |   142 |   147 |    10 ||   299

Vanquished Creatures
  Grinder (D:3)
  2 scorpions
  An orc priest (D:4)
  An orc wizard (D:4)
  A hound (D:4)
  6 adders
  An ooze (D:4)
  2 dart slugs
  3 leopard geckos
  4 orcs
  2 ball pythons
  8 bats
  3 giant cockroaches
  4 goblins
  15 hobgoblins
  6 jackals
  4 frilled lizards
  6 kobolds
  7 rats
77 creatures vanquished.

Vanquished Creatures (others)
  4 toadstools (D:4)
  2 withered plants (D:3)
6 creatures vanquished.

Grand Total: 83 creatures vanquished
